 Dungeon Crawl Stone Soup version 0.20.0-10-g0535bb4 (webtiles) character file.

240 xgamer67 the Archer (level 5, 0/40 HPs)
             Began as a Centaur Arcane Marksman on June 7, 2017.
             Succumbed to an adder's poison
             ... on level 5 of the Dungeon.
             The game lasted 00:13:58 (3699 turns).

xgamer67 the Archer (Centaur Arcane Marksman)       Turns: 3699, Time: 00:13:59

Health: 0/40       AC:  6    Str: 12    XL:     5   Next: 79%
Magic:  6/6        EV:  9    Int: 13    God:
Gold:   178        SH:  0    Dex: 10    Spells: 3/6 levels left

rFire    . . .     SeeInvis .   b - +0 dagger
rCold    . . .     Gourm    .   (no shield)
rNeg     . . .     Faith    .   e - +0 robe
rPois    .         Spirit   .   n - +1 helmet
rElec    .         Reflect  .   (no cloak)
rCorr    .         Harm     .   (no gloves)
MR       .....                  (no barding)
Stlth    +.........             v - amulet of inaccuracy (curse)
Regen    0.2/turn               (no ring)
MPRegen  0.1/turn               (no ring)

@: lethally poisoned (0 -> -4), very quick
A: hooves 3, deformed body, speed 2, tough skin 3
a: no special abilities


You were on level 5 of the Dungeon.
You were hungry.

You visited 1 branch of the dungeon, and saw 5 of its levels.

You collected 178 gold pieces.

Inventory:

Hand Weapons
 a - a +0 shortbow
 b - a +0 dagger (weapon)
Missiles
 d - 14 arrows
 m - 8 curare-tipped needles
 s - 22 poisoned needles
Armour
 e - a +0 robe (worn)
 n - a +1 helmet (worn)
Jewellery
 v - a cursed amulet of inaccuracy (around neck)
Scrolls
 h - a scroll of recharging
 l - a scroll of immolation
Potions
 g - 3 potions of curing
 i - a potion of ambrosia {unknown}
 k - a potion of brilliance {unknown}
 r - a potion of resistance {unknown}
 u - a potion of magic {unknown}
Books
 c - a book of Debilitation

   Spells                             Type                      Level
   a - Corona                         Hexes                        1
   b - Slow                           Hexes                        2
   c - Inner Flame                    Hexes/Fire                   3
   d - Portal Projectile              Hexes/Translocation          3
   e - Cause Fear                     Hexes                        4
   f - Leda's Liquefaction            Hexes/Earth                  4
Comestibles
 f - 6 bread rations
 p - a royal jelly
 q - 2 meat rations


   Skills:
 + Level 1.1 Fighting
 - Level 8.1 Bows
 - Level 1.3 Dodging
 - Level 1.0 Spellcasting
 - Level 2.6 Hexes


You had 3 spell levels left.
You knew the following spells:

 Your Spells              Type           Power        Failure   Level  Hunger
a - Corona                Hex            #......      10%         1    ##.....
b - Slow                  Hex            #.......     14%         2    ###....


Dungeon Overview and Level Annotations

Branches:
Dungeon (5/15)             Temple (0/1) D:5

Altars:
Cheibriados
Dithmenos
Fedhas
Hepliaklqana
Kikubaaqudgha
Nemelex Xobeh
Trog
Uskayaw
Zin

Annotations:
D:3 Rakdos's ghost, amateur MiBe; Terence
D:4 Grinder
D:5 Menkaure


Innate Abilities, Weirdness & Mutations

You have hooves in place of feet.
Armour fits poorly on your strangely shaped body.
You cover ground very quickly.
You have extremely tough skin. (AC +3)


Message History

You closely miss the adder.
The adder is severely wounded.
The adder bites you but does no damage.
You hit the adder. Your kick misses the adder.
The adder is severely wounded.
* * * LOW HITPOINT WARNING * * *
You feel sick. The adder bites you but does no damage.
You miss the adder.
The adder is severely wounded.
The adder closely misses you. The adder bites you but does no damage.
You completely miss the adder. Your kick misses the adder.
The adder is severely wounded.
* * * LOW HITPOINT WARNING * * *
You feel sick. The adder bites you but does no damage.
You miss the adder. Your kick misses the adder.
The adder is severely wounded.
The adder barely misses you.
You miss the adder. You kick the adder, but do no damage.
The adder is severely wounded.
You die...

*+,,**,* #.#....#..#
#......# .#****,*
#.#.#..#..###......#
≈#,,,,,*
#.#....#...<#.#....#
≈#******
#.###..#.####.#.#.##
≈# #.#
#.)#........#.# ≈#
#.# #..######.###.#
≈#########.# #..*
####.....#
≈#.........#
#.S###....#####
≈#.#########
#..@......# ≈#.#
##.....#### .#)#
####### #'.# ####


You could see an adder.

Vanquished Creatures
  3 vampire bats (D:4)
  A hound (D:4)
  A worker ant (D:4)
  An ooze (D:3)
  An adder skeleton (D:4)
  A dart slug (D:1)
  4 leopard geckos
  5 bats
  2 bat skeletons (D:4)
  3 bat zombies (D:4)
  4 giant cockroaches
  6 goblins
  11 hobgoblins
  A jackal (D:4)
  2 quokkas
  A ball python (D:2)
  3 frilled lizards
  A jackal skeleton (D:4)
  5 rats
56 creatures vanquished.

Notes
Turn   | Place    | Note
-------+----------+-------------------------------------------
     0 | D:1      | xgamer67 the Centaur Arcane Marksman began the quest for the Orb.
     0 | D:1      | Reached XP level 1. HP: 16/16 MP: 2/2
   137 | D:1      | Reached skill level 3 in Bows
   292 | D:1      | Reached XP level 2. HP: 23/23 MP: 3/3
   329 | D:1      | Reached skill level 4 in Bows
   730 | D:2      | Found a shadowy altar of Dithmenos.
   919 | D:2      | Reached XP level 3. HP: 26/28 MP: 4/4
   923 | D:2      | Learned a level 2 spell: Slow
  1223 | D:2      | Found a hazy altar of Hepliaklqana.
  1379 | D:2      | Reached skill level 5 in Bows
  1460 | D:3      | Noticed Rakdos's ghost (amateur MiBe)
  1618 | D:4      | Reached XP level 4. HP: 13/35 MP: 5/5
  1946 | D:4      | Reached skill level 6 in Bows
  1965 | D:4      | Found an ancient bone altar of Kikubaaqudgha.
  2005 | D:4      | Reached skill level 7 in Bows
  2005 | D:4      | Reached XP level 5. HP: 17/40 MP: 6/6
  2306 | D:4      | Reached skill level 8 in Bows
  2744 | D:3      | Noticed Terence
  3316 | D:5      | Entered Level 5 of the Dungeon
  3316 | D:5      | Noticed Menkaure
  3363 | D:4      | Noticed an ogre
  3440 | D:4      | Noticed Grinder
  3493 | D:4      | Found a hide-covered altar of Uskayaw.
  3494 | D:4      | Noticed a hand axe
  3494 | D:4      | Noticed a dagger
  3513 | D:5      | Found a glowing silver altar of Zin.
  3515 | D:5      | Found a blossoming altar of Fedhas.
  3515 | D:5      | Found a bloodstained altar of Trog.
  3516 | D:5      | Found a sparkling altar of Nemelex Xobeh.
  3516 | D:5      | Found a snail-covered altar of Cheibriados.
  3693 | D:5      | HP: 2/40 [poisoned by an adder]
  3699 | D:5      | Succumbed to an adder's poison

Skill      XL: |  1  2  3  4  5 |
---------------+----------------+-----
Bows           | 3 4 5 7 8 |  8.1
Fighting       | |  1.1
Dodging        | |  1.3
Spellcasting   | |  1.0
Hexes          | |  2.6

Action                   |  1- 3 |  4- 6 || total
-------------------------+-------+-------++-------
Melee: Dagger            |   201 |   179 ||   380
       Kick              |    25 |    26 ||    51
 Fire: Shortbow          |     9 |    29 ||    38
  Use: Scroll            |     4 |     6 ||    10
  Eat: Chunk             |     1 |     6 ||     7
Armor: Robe              |    75 |   145 ||   220
Dodge: Dodged            |    95 |   133 ||   228
